 Dungeon Crawl Stone Soup version 0.28-a0-1404-g4df0f3684d (webtiles) character file.

Game seed: 10475426190337162826

4918 ipx the Fighter (level 10, -1/66 HPs)
             Began as a Gargoyle Arcane Marksman on Jan 5, 2022.
             Was an Initiate of Makhleb.
             Blown up by Maurice (4 damage)
             ... with a mindburst bolt
             ... on level 9 of the Dungeon.
             The game lasted 00:58:09 (4009 turns).

ipx the Fighter (Gargoyle Arcane Marksman)          Turns: 4009, Time: 00:58:10

Health: -1/66      AC: 21    Str: 17    XL:     10   Next: 51%
Magic:  11/11      EV: 10    Int: 13    God:    Makhleb [......]
Gold:   224        SH:  5    Dex:  8    Spells: 10/11 levels left

rFire   x . .      SeeInvis .   b - +0 battleaxe
rCold   + . .      Faith    .   (shield currently unavailable)
rNeg    + . .      Spirit   .   H - +0 swamp dragon scales
rPois   ∞          Reflect  +   v - +0 helmet
rElec   +          Harm     .   n - +2 cloak
rCorr   .          Rampage  .   w - +0 pair of gloves
Will    .....                   (no boots)
Stlth   ..........              X - amulet of reflection
HPRegen 0.21/turn               I - ring of ice
MPRegen 0.12/turn               (no ring)

@: no status effects
A: sickness immunity, AC +7, negative energy resistance 1, electricity
resistance, torment resistance 1, petrification resistance, clumsy 1, dopey 1,
mutation resistance 1, sense surroundings 1
a: Renounce Religion


You were on level 9 of the Dungeon.
You worshipped Makhleb.
Makhleb was noncommittal.
You visited 2 branches of the dungeon, and saw 10 of its levels.
You also visited: Sewer.

You collected 399 gold pieces.
You spent 175 gold pieces at shops.

Inventory:

Hand Weapons
 a - a +1 short sword of venom
 b - a +0 battleaxe (weapon)
 d - a +0 dire flail of protection
Missiles
 p - 2 throwing nets (quivered)
 t - 3 javelins
 y - 6 poisoned darts
Armour
 n - a +2 cloak (worn)
 v - a +0 helmet (worn)
 w - a +0 pair of gloves (worn)
 H - +0 swamp dragon scales (worn)
Jewellery
 I - a ring of ice (left hand)
 X - an amulet of reflection (around neck)
Wands
 o - a wand of polymorph (4)
 C - a wand of digging (2)
 G - a wand of charming (1)
Scrolls
 e - a scroll of enchant weapon {unknown}
 f - 2 scrolls of immolation
 l - 3 scrolls of teleportation
 m - a scroll of fear
 q - a scroll of brand weapon {unknown}
 r - 2 scrolls of summoning {unknown}
 s - a scroll of fog {unknown}
 B - a scroll of holy word {unknown}
 D - 2 scrolls of enchant armour
 F - a scroll of blinking
Potions
 j - 3 potions of mutation
 u - a potion of might {unknown}
 x - a potion of haste {unknown}
 z - a potion of invisibility {unknown}
 E - a potion of curing {unknown}


   Skills:
 - Level 9.5 Fighting
 + Level 9.3(9.4) Axes
 - Level 2.1(6.8) Maces & Flails
 - Level 1.7 Throwing
 - Level 4.0 Armour
 - Level 1.5 Dodging
 - Level 1.0 Spellcasting
 - Level 2.6 Hexes
 - Level 5.0 Evocations


You had 10 spell levels left.
You knew the following spells:

 Your Spells              Type           Power      Damage    Failure   Level
s - Slow                  Hex            28%        N/A       16%         1

Your spell library contained the following spells:

 Spells                   Type           Power      Damage    Failure   Level
 Ensorcelled Hibernation  Hex/Ice        12%        N/A       38%         2
 Tukima's Dance           Hex            7%         N/A       43%         3
 Inner Flame              Hex/Fire       4%         N/A       63%         3
 Portal Projectile        Hex/Tloc       8%         N/A       63%         3
 Gell's Gravitas          Tloc           0%         N/A       82%         3
 Spider Form              Tmut/Pois      0%         N/A       82%         3
 Teleport Other           Tloc           0%         N/A       82%         3
 Cause Fear               Hex            3%         N/A       85%         4
 Freezing Cloud           Conj/Ice/Air   0%         6-21      100%        5
 Summon Mana Viper        Hex/Summ       4%         N/A       100%        5
 Dispersal                Tloc           0%         N/A       100%        6
 Necromutation            Tmut/Necr      0%         N/A       100%        8


Dungeon Overview and Level Annotations

Branches:
Dungeon (9/15)             Temple (1/1) D:6           Sewer (visited)
   Lair: D:8-11         Orc: D:9-12

Altars:
Ashenzari
Cheibriados
Fedhas
Gozag
Kikubaaqudgha
Makhleb
Nemelex Xobeh
Okawaru
Ru
Sif Muna
Uskayaw
Wu Jian
Xom
Yredelemnul
Zin

Shops:
D:7 *   D:8 **

Annotations:
D:7 1 transporter, TheNamelessOne's ghost, novice FoFi
D:9 Maurice


Innate Abilities, Weirdness & Mutations

You are immune to sickness and miasma.
Your stone body is resilient. (AC +7)
You are immune to poison.
You resist negative energy. (rN+)
You are resistant to electric shocks. (rElec)
You are resistant to unholy torment.
You are immune to petrification.
You are clumsy. (Dex -2)
You are dopey. (Int -2)
You are somewhat resistant to further mutation.
You passively map a small area around you.


Message History

a - a +1 short sword of venom (weapon)
Really attack your ally Maurice?
You barely miss Maurice.
Maurice is no longer charmed.
Maurice is severely wounded.
Maurice barely misses you.
You miss Maurice.
Maurice is severely wounded.
You block Maurice's attack.
You hit Maurice but do no damage.
Maurice is poisoned.
Maurice is severely wounded.
You block Maurice's attack.
You closely miss Maurice.
Maurice is severely wounded.
Maurice hits you but does no damage. Maurice hits you with a +0 short sword.
* * * LOW HITPOINT WARNING * * *
Maurice steals your scroll of torment!
You puncture Maurice!
Maurice is almost dead.
Maurice mumbles some strange words.
Maurice flickers and vanishes!
Deactivating autopickup; reactivate with Ctrl-A.
You barely miss something.
You hear some strange, mumbled words.
There is a strange disturbance nearby!
Items here: ))) [ †.
Unknown command.
Unknown command.
There is an open gate here.
You close the gate.
Your +1 short sword of venom stops dripping with poison.
b - a +0 battleaxe (weapon)
Something unseen breaks down the gate.
There is a broken gate here.
Something hits you!
* * * LOW HITPOINT WARNING * * *
Something steals your staff of earth!
You barely miss something.
You hear a zap.
Your mind is blasted!
You die...

.....#...†...#
.....#...(..#########
............#.......#
.##.#.)....#.P._.P.#
,##.#......#.P...P.#
##.. #......#.P.PPP.#
#[# #....{.#.......#
.# #.####.###'''###
######.......##.@.#
....<.....#..###.##
#.####..#.#..###.#
##.# #..#......).#
#.## #.......#####
.## ##.####.# ## #..
..# # ########


There were no monsters in sight!

Vanquished Creatures
  Harold (D:7)
  2 two-headed ogres
  Psyche (D:9)
  Grinder (D:3)
  Sigmund (D:5)
  Menkaure (D:7)
  A water moccasin (D:9)
  2 orc warriors
  An ice beast (D:6)
  3 necrophages (D:6)
  A sky beast (D:6)
  A centaur (D:6)
  A phantom (D:6)
  4 kobold brigands (Sewer)
  2 bullfrogs
  A wyvern zombie (D:6)
  3 scorpions
  A water moccasin skeleton (D:4)
  A centaur zombie (D:5)
  A bullfrog zombie (D:4)
  A hound (D:5)
  2 jellies
  A gnoll shaman (D:5)
  2 orc priests
  2 bullfrog skeletons (D:4)
  A centaur skeleton (D:5)
  2 iguanas
  Ijyb (D:3)
  Natasha (thrice) (D:4)
  2 orc wizards
  A hound skeleton (D:4)
  A howler monkey zombie (D:5)
  Robin (D:3)
  6 gnolls
  11 adders
  A river rat (Sewer)
  A shadow imp (D:8)
  2 white imps
  An adder skeleton (D:4)
  2 worms (Sewer)
  A dart slug (D:5)
  13 orcs
  8 ball pythons
  7 endoplasms
  4 giant cockroaches
  6 hobgoblins
  7 jackals (D:1)
  9 kobolds
  7 quokkas
  2 bats (D:1)
  A frilled lizard (D:2)
  9 goblins
  14 rats
162 creatures vanquished.

Vanquished Creatures (others)
  A plant (D:9)
1 creature vanquished.

Grand Total: 163 creatures vanquished

Notes
Turn   | Place    | Note
-------+----------+-------------------------------------------
     0 | D:1      | ipx the Gargoyle Arcane Marksman began the quest for the
                  | Orb.
     0 | D:1      | Reached XP level 1. HP: 12/12 MP: 2/2
     1 | D:1      | Got Minnywat's Reference Book on Scorching Shape Shifting
   100 | D:1      | Reached skill level 1 in Maces & Flails
   113 | D:1      | Reached XP level 2. HP: 15/16 MP: 3/3
   334 | D:1      | Reached XP level 3. HP: 10/21 MP: 4/4
   593 | D:2      | Reached XP level 4. HP: 7/28 MP: 3/5
   593 | D:2      | Gained mutation: You are clumsy. (Dex -2) [potion of
                  | mutation]
   593 | D:2      | Gained mutation: You are dopey. (Int -2) [potion of
                  | mutation]
   593 | D:2      | Gained mutation: You passively map a small area around you.
                  | [potion of mutation]
   593 | D:2      | Gained mutation: You are somewhat resistant to further
                  | mutation. [potion of mutation]
   817 | D:3      | Noticed Ijyb
   860 | D:3      | Killed Ijyb
   912 | D:3      | Noticed Grinder
   929 | D:3      | Killed Grinder
   930 | D:3      | Reached skill level 5 in Fighting
   930 | D:3      | Reached XP level 5. HP: 14/35 MP: 6/6
   930 | D:3      | Reached XP level 6. HP: 16/40 MP: 7/7
  1146 | D:4      | Reached XP level 7. HP: 46/46 MP: 8/8
  1277 | D:4      | Noticed Robin
  1407 | D:4      | Noticed Natasha
  1413 | D:4      | Killed Natasha
  1479 | D:4      | Noticed Natasha
  1494 | D:4      | Killed Natasha
  1499 | D:4      | Noticed Natasha
  1503 | D:4      | Killed Natasha
  1506 | D:4      | Noticed a two-headed ogre
  1509 | D:4      | Killed a two-headed ogre
  1510 | D:4      | Reached skill level 5 in Evocations
  1510 | D:4      | Reached XP level 8. HP: 19/54 MP: 9/9
  1573 | D:5      | Entered Level 5 of the Dungeon
  1609 | D:5      | Got the Guide on the Enthralling Glacier
  1747 | D:3      | Killed Robin
  1802 | D:4      | Reached skill level 1 in Armour
  1950 | D:5      | Noticed Sigmund
  1952 | D:5      | Killed Sigmund
  2090 | D:5      | Reached XP level 9. HP: 60/60 MP: 10/10
  2303 | D:6      | Reached skill level 1 in Axes
  2393 | D:6      | Found a glowing drain.
  2418 | Sewer    | Entered a sewer
  2975 | D:6      | Reached skill level 5 in Axes
  3043 | D:6      | Found a staircase to the Ecumenical Temple.
  3051 | Temple   | Entered the Ecumenical Temple
  3123 | Temple   | Became a worshipper of Makhleb the Destroyer
  3191 | D:7      | Found a transporter.
  3191 | D:7      | Noticed TheNamelessOne's ghost (novice FoFi)
  3214 | D:7      | Noticed Harold
  3241 | D:7      | Killed Harold
  3242 | D:7      | Reached XP level 10. HP: 32/66 MP: 11/11
  3320 | D:7      | Found Soblom's Elemental Accessories.
  3333 | D:7      | Noticed Menkaure
  3348 | D:7      | Killed Menkaure
  3508 | D:8      | Found Wufrova's General Store.
  3510 | D:8      | Found Hius's Specific Store.
  3517 | D:8      | Bought a scroll of blinking for 97 gold pieces
  3517 | D:8      | Bought a wand of charming (3) for 65 gold pieces
  3517 | D:8      | Bought a potion of degeneration for 13 gold pieces
  3718 | D:8      | Noticed Maggie
  3721 | D:8      | Noticed Maggie
  3721 | D:8      | Maggie changed into Maggie the iguana
  3726 | D:8      | Killed Maggie the iguana
  3730 | D:8      | Upgraded the game from 0.28-a0-1395-g4f6bc678fa to
                  | 0.28-a0-1404-g4df0f3684d
  3773 | D:8      | Identified the +4 glaive of Vuschomo {vorpal, *Noise rCorr
                  | Str+6}
  3879 | D:9      | Noticed a two-headed ogre
  3897 | D:9      | Killed a two-headed ogre
  3917 | D:9      | Found a sacrificial altar of Ru.
  3955 | D:9      | Noticed Maurice
  3960 | D:9      | HP: 3/66 [disintegration (18)]
  3961 | D:9      | Noticed Psyche
  3969 | D:9      | Killed Psyche
  4008 | D:9      | HP: 3/66 [something (9)]
  4009 | D:9      | Blown up by Maurice

Illustrated notes

Levels and vault maps discovered:
D:1:      nicolae_arrival_memento_mori, layout_basic
D:2:      layout_loops_ring, nicolae_ecumenical_snake_handling,
          grunt_ministairs_4
D:3:      layout_basic, minmay_goblin_outpost, uniq_grinder, uniq_ijyb,
          uniq_terence
D:4:      layout_loops_corners, uniq_robin, uniq_natasha
D:5:      layout_loops_ring, ebering_dispersal_statue_hall, serial_bayou_pond_a,
          uniq_sigmund
D:6:      layout_basic, minmay_temple_entry_large_hall, portal_sewer_entry_f,
          serial_shops, shop
D:7:      layout_gridville, gammafunk_ghost_arena, nicolae_elemental_shop,
          uniq_joseph, uniq_harold, uniq_menkaure
D:8:      layout_loops_ring, david_lair_shrubbed, nicolae_specific_store,
          fungi_pond_lemuel, uniq_maggie
D:9:      layout_loops_cross, mainiacjoe_overflow_alcove_4, serial_shops,
          nicolae_shop_statue_plus, uniq_maurice, uniq_psyche
Temple:   mainiacjoe_temple_circle_huts

Skill      XL: |  1  2  3  4  5  6  7  8  9 10 |
---------------+-------------------------------+-----
Maces & Flails | 1 2 |  2.1
Fighting       | 3 5 6 8 9 |  9.5
Evocations     | 2 3 5 |  5.0
Armour         | 3 4 |  4.0
Axes           | 7 9 |  9.3
Throwing       | |  1.7
Dodging        | |  1.5
Spellcasting   | |  1.0
Hexes          | |  2.6

Action                   |  1- 3 |  4- 6 |  7- 9 | 10-12 || total
-------------------------+-------+-------+-------+-------++-------
Melee: Mace              |    33 |       |       |       ||    33
       Short sword       |    43 |    69 |   291 |    38 ||   441
       Flail             |       |       |    13 |       ||    13
       War axe           |       |       |    49 |       ||    49
       Dire flail        |       |       |       |    23 ||    23
       Battleaxe         |       |       |       |    14 ||    14
       Punch             |       |       |       |     1 ||     1
Throw: Javelin           |    24 |     2 |    16 |     2 ||    44
       Throwing net      |     4 |     2 |     1 |     7 ||    14
       Dart              |       |       |     2 |     3 ||     5
 Cast: Slow              |     7 |     1 |       |       ||     8
Evoke: Wand              |       |     1 |    31 |    10 ||    42
  Use: Scroll            |       |     1 |     5 |       ||     6
       Potion            |       |     1 |       |     2 ||     3
 Stab: Paralysed         |       |       |       |     8 ||     8
       Held in net/web   |       |       |       |     3 ||     3
Armor: Robe              |    33 |     6 |       |       ||    39
       Chain mail        |       |    22 |   240 |    12 ||   274
       Swamp dragon scal |       |       |       |    20 ||    20
Dodge: Dodged            |    46 |    18 |   115 |    16 ||   195
Block: Other             |     7 |    14 |    76 |    16 ||   113
       Reflection        |       |       |     3 |       ||     3

Table legend: (Time is in decaauts)
 A = Elapsed time spent in this place.
 B = Non-inter-level travel time spent in this place.
 C = Inter-level travel time spent in this place.
 D = Time resting spent in this place.
 E = Time spent auto-exploring this place.
 F = Levels seen in this place.
 G = Mean time per level.
                   A        B        C        D        E       F      G
               +--------+--------+--------+--------+--------+-----+--------+
         Total |   4253 |   4137 |    116 |      0 |      0 |  11 |  386.6 |
       Dungeon |   3512 |   3396 |    116 |      0 |      0 |   9 |  390.2 |
        Temple |     94 |     94 |      0 |      0 |      0 |   1 |   94.0 |
         Sewer |    645 |    645 |      0 |      0 |      0 |   1 |  645.0 |
               +--------+--------+--------+--------+--------+-----+--------+

Top non-repeatable levels by time:
   Sewer: 645 daAuts
     D:4: 571 daAuts
     D:1: 553 daAuts
     D:5: 480 daAuts
     D:3: 410 daAuts
     D:6: 358 daAuts
     D:8: 351 daAuts
     D:7: 332 daAuts
     D:2: 300 daAuts
     D:9: 152 daAuts
  Temple: 94 daAuts
